 Dungeon Crawl Stone Soup version 0.22-a0-605-g9281fa2 (webtiles) character file.

677 Amnesiac the Thaumaturge (level 7, -5/33 HPs)
             Began as a Spriggan Transmuter on July 8, 2018.
             Slain by a bullfrog (6 damage)
             ... on level 3 of the Dungeon.
             The game lasted 00:07:13 (4490 turns).

Amnesiac the Thaumaturge (Spriggan Transmuter)      Turns: 4490, Time: 00:07:14

Health: -5/33      AC:  2    Str:  6    XL:     7   Next: 33%
Magic:  19/20      EV: 25    Int: 17    God:
Gold:   185        SH:  0    Dex: 21    Spells: 18/24 levels left

rFire    + . .     SeeInvis +   q - +1 short sword (drain)
rCold    . . .     Gourm    .   (shield restricted)
rNeg     . . .     Faith    .   b - +0 robe
rPois    .         Spirit   .   (helmet restricted)
rElec    .         Reflect  .   (no cloak)
rCorr    .         Harm     .   (gloves unavailable)
MR       ++...                  (boots unavailable)
Stlth    +++.......             (no amulet)
HPRegen  0.11/turn              l - ring of protection from magic
MPRegen  0.17/turn              r - ring of protection from fire

@: agile, appendage (expiring), very quick
A: very small, unfitting armour, horns 2, see invisible, herbivore, speed 3,
slow metabolism 2
a: End Transformation


You were on level 3 of the Dungeon.
You were not hungry.
You had grown temporary horns.
You visited 1 branch of the dungeon, and saw 3 of its levels.
You also visited: Sewer.

You collected 185 gold pieces.

Inventory:

Hand Weapons
 q - a +1 short sword of draining (weapon)
 u - a +0 blowgun
Missiles
 a - 46 arrows
 v - 7 curare-tipped needles
Armour
 b - a +0 robe (worn)
Jewellery
 l - a ring of protection from magic (left hand)
 r - a ring of protection from fire (right hand)
 t - an uncursed amulet of regeneration {unknown}
Wands
 m - a wand of clouds (5)
 n - a wand of polymorph (10)
Scrolls
 c - 3 scrolls of fog {!r, unknown}
 g - 3 scrolls of identify {!r, unknown}
 h - a scroll of magic mapping {!r, unknown}
 j - 2 scrolls of enchant weapon {!r, unknown}
 k - 2 scrolls of enchant armour {!r, unknown}
 o - 2 scrolls of teleportation {!r, unknown}
Potions
 f - a potion of haste {!q}
 i - a potion of might {!q, unknown}
 s - a potion of flight {!q, unknown}
Comestibles
 d - 4 rations


   Skills:
 + Level 1.6 Fighting
 - Level 4.0 Dodging
 - Level 2.4 Unarmed Combat
 - Level 9.0 Spellcasting
 - Level 4.3 Transmutations


You had 18 spell levels left.
You knew the following spells:

 Your Spells              Type           Power        Failure   Level  Hunger
a - Sticks to Snakes      Tmut           ###.....     2%          2    None
b - Spider Form           Tmut/Pois      ##........   12%         3    None
e - Beastly Appendage     Tmut           ###...       1%          1    None

Your spell library contained the following spells:

 Spells                   Type           Power        Failure   Level  Hunger
 Confuse                  Hex            #.......     28%         3    None
 Tukima's Dance           Hex            #.......     28%         3    None
 Swiftness                Chrm/Air       #.......     14%         2    None
 Blade Hands              Tmut           ###.......   41%         5    #####..
 Ice Form                 Ice/Tmut       ##......     36%         4    ###....
 Ensorcelled Hibernation  Hex/Ice        #.....       14%         2    None
 Corona                   Hex            #......      10%         1    None
 Dazzling Spray           Conj/Hex       #.....       28%         3    None


Dungeon Overview and Level Annotations

Branches:
Dungeon (3/15)

Altars:
Nemelex Xobeh
Yredelemnul


Innate Abilities, Weirdness & Mutations

You are very small and have problems with some larger weapons.
You are too small for most types of armour.
You have supernaturally acute eyesight. (SInv)
You are a herbivore.
You cover ground extremely quickly.
You need to consume almost no food.
You have a pair of horns on your head.


Message History

There is a sparkling altar of Nemelex Xobeh here.
There is a transporter here.
Nemelex Xobeh says, "You lose!"
A transporter appears.
You enter the transporter and appear at another place.
The orc wizard miscasts a cantrip.
The bullfrog completely misses you.
You closely miss the bullfrog. The bullfrog hits you.
You hit the bullfrog.
The bullfrog is moderately wounded.
The bullfrog closely misses you. The orc wizard barely misses you.
The bullfrog misses you.
You hit the bullfrog. You drain the bullfrog!
The bullfrog is heavily wounded.
The bullfrog closely misses you. The orc wizard barely misses you.
The bullfrog hits you.
You hit the bullfrog.
The bullfrog is severely wounded.
The bullfrog misses you.
The orc wizard casts a cantrip, but nothing happens.
You closely miss the bullfrog.
The bullfrog is severely wounded.
The bullfrog closely misses you. The orc wizard barely misses you.
The bullfrog closely misses you.
You barely miss the bullfrog.
The bullfrog is severely wounded.
The bullfrog misses you. The orc wizard hits you with a dagger.
The bullfrog closely misses you.
The orc wizard gestures at you while chanting.
The puff of frost hits you!
* * * LOW HITPOINT WARNING * * *
You hit the bullfrog.
The bullfrog is severely wounded.
The bullfrog hits you.
* * * LOW HITPOINT WARNING * * *
The orc wizard points at you and mumbles some strange words.
The puff of frost misses you.
You closely miss the bullfrog.
The bullfrog is severely wounded.
The bullfrog closely misses you. The bullfrog misses you.
The orc wizard hits you with a dagger.
* * * LOW HITPOINT WARNING * * *
Really quaff
p - a potion of curing {!q}?
You feel better. The bullfrog completely misses you.
The orc wizard gestures at you while chanting.
The puff of frost hits you!
* * * LOW HITPOINT WARNING * * *
The bullfrog misses you.
Casting: Spider Form (safe; 12% risk of failure)
Confirm with . or Enter, or press ? or * to list all spells.
You grow a pair of large bovine horns.
Your transformation is almost over.
The bullfrog hits you.
* * * LOW HITPOINT WARNING * * *
The orc wizard gestures at you while chanting.
The puff of flame misses you.
Okay, then.
You can't go up here!
Unknown command.
Really quaff
e - a silvery potion {!q}?
It was a potion of agility {!q}.
You feel agile all of a sudden. The bullfrog hits you.
You die...

..............#.#...[...#..#
.#.#.#..##..#..............#
##.#.....†...............#.######
#.#.............#.#..##.........
#.#.......)..........#..........
#.#...............#.............
##.#........###################..
#...........#▓▓▓▓▓▓▓###▓▓▓▓▓▓ #..
............#▓⌠.@o⌠▓§©§▓⌠.©.⌠ #..
............#▓...F.▓._.▓..)=. #..
............#▓.....▓...▓.?8?. #..
......#.)..##▓.....▓...▓..... #..
....[#......#▓⌠.©.⌠▓...▓⌠...⌠ #..
............#▓▓▓▓▓▓▓...▓▓▓▓▓▓ #.#
....)....#### ##'## ###.#
....[...## ...##..######....
........# #...).....####..


You could see a bullfrog and an orc wizard.

Vanquished Creatures
  6 big kobolds (Sewer)
  Jessica (D:2)
  Robin (D:3)
  3 gnolls (D:2)
  4 adders
  6 river rats
  An ooze (Sewer)
  6 worms
  2 dart slugs (D:1)
  An orc (D:2)
  6 bats
  2 giant cockroaches
  14 goblins
  8 hobgoblins
  A jackal (D:1)
  A quokka (D:2)
  4 ball pythons
  3 frilled lizards
  10 kobolds
  5 rats
  A spectral orc (D:2)
86 creatures vanquished.

Vanquished Creatures (collateral kills)
  A goblin (D:1)
1 creature vanquished.

Grand Total: 87 creatures vanquished

Notes
Turn   | Place    | Note
-------+----------+-------------------------------------------
     0 | D:1      | Amnesiac the Spriggan Transmuter began the quest for the Orb.
     0 | D:1      | Reached XP level 1. HP: 9/9 MP: 5/5
   202 | D:1      | Reached skill level 3 in Spellcasting
   256 | D:1      | Reached XP level 2. HP: 12/14 MP: 5/7
   452 | D:1      | Learned a level 2 spell: Sticks to Snakes
  1312 | D:2      | Found a basalt altar of Yredelemnul.
  1385 | D:2      | Noticed Jessica
  1479 | D:2      | Reached XP level 3. HP: 17/17 MP: 7/9
  1484 | D:2      | Learned a level 3 spell: Spider Form
  1525 | D:2      | Reached skill level 4 in Spellcasting
  1805 | D:2      | Reached skill level 1 in Fighting
  1897 | D:2      | Reached XP level 4. HP: 19/22 MP: 7/11
  2137 | D:2      | Killed Jessica
  2170 | D:2      | Identified Jessica's Disquisition on Self-Improvement
  2379 | D:3      | Reached XP level 5. HP: 15/25 MP: 2/13
  2446 | D:3      | Found a glowing drain.
  2454 | Sewer    | Entered a sewer
  2549 | Sewer    | Reached skill level 5 in Spellcasting
  2884 | Sewer    | Reached skill level 6 in Spellcasting
  3208 | Sewer    | Reached XP level 6. HP: 22/30 MP: 12/16
  3282 | Sewer    | Reached skill level 7 in Spellcasting
  3773 | Sewer    | Reached skill level 8 in Spellcasting
  3804 | Sewer    | Reached XP level 7. HP: 19/33 MP: 19/19
  4340 | D:3      | Noticed Robin
  4351 | D:3      | Reached skill level 9 in Spellcasting
  4362 | D:3      | Killed Robin
  4471 | D:3      | Found a sparkling altar of Nemelex Xobeh.
  4471 | D:3      | Found a transporter.
  4489 | D:3      | HP: 1/33 [bullfrog (5)]
  4490 | D:3      | Slain by a bullfrog

Vault maps used:
D:1:      sevenhm_arrival_forest_fort_small_6, minmay_heptomino_o4
D:2:      yredelemnul_forgotten_temple_becter, kennysheep_jessica_study
D:3:      lightli_sewer_entry_pipes, grunt_nemelex_the_gamble, uniq_robin,
          uniq_crazy_yiuf_cottage
Sewer:    sewer_co_tree

Skill      XL: |  1  2  3  4  5  6  7 |
---------------+----------------------+-----
Spellcasting   | 3 4 6 8 9 |  9.0
Transmutations | 3 4 |  4.3
Dodging        | 4 |  4.0
Fighting       | 1 |  1.6
Unarmed Combat | |  2.4

Action                   |  1- 3 |  4- 6 |  7- 9 || total
-------------------------+-------+-------+-------++-------
Melee: Unarmed           |   124 |   196 |    36 ||   356
       Kick              |    15 |       |       ||    15
       Punch             |     1 |       |       ||     1
       Headbutt          |     1 |     2 |       ||     3
       Short sword       |       |       |    56 ||    56
 Cast: Beastly Appendage |    15 |     8 |     1 ||    24
       Sticks to Snakes  |     1 |     2 |       ||     3
       Spider Form       |     3 |    17 |     2 ||    22
  Use: Potion            |       |     3 |     2 ||     5
  Eat: Ration            |       |     3 |       ||     3
Armor: Robe              |    15 |       |     8 ||    23
       Skin              |       |     4 |       ||     4
Dodge: Dodged            |   122 |   112 |    76 ||   310

Table legend:
 A = Spawn XP
 B = Non-spawn XP
 C = Spawn XP percentage of total XP
 D = Spawn monster count
 E = Non-spawn monster count
 F = Spawn count percentage of total count
 G = Total turns spent on level
                    A         B        C        D         E        F      G
               +---------+---------+-------+---------+---------+-------+---------
         Total |       0 |     968 |   0.0 |       0 |      87 |   0.0 |  4490
               +---------+---------+-------+---------+---------+-------+---------
           D:1 |       0 |      27 |   0.0 |       0 |      14 |   0.0 |  1004
           D:2 |       0 |     120 |   0.0 |       0 |      19 |   0.0 |  1180
           D:3 |       0 |     109 |   0.0 |       0 |      26 |   0.0 |   596
         Sewer |       0 |     712 |   0.0 |       0 |      28 |   0.0 |  1710
               +---------+---------+-------+---------+---------+-------+---------
